TOP OF THE 1ST |
Daytona Tortugas batting - Pitching for Fort Myers Miracle : RHP Tony Icamen
|
Pitching: RHP Tony Icamen
|
|
Batting: SHB Paul Sandoval
|
0-0: Ball 1-0: Swinging Strike 1-1: Reached on error, E1 (Groundball, 15S, EV 63.1 MPH)
|
Batting: SHB Jaivata Mohanty
|
0-0: Ball 1-0: Ball 2-0: Ball 3-0: Base on Balls
|
Batting: RHB Tony Casas
|
0-0: Ball 1-0: Ball 2-0: Called Strike 2-1: Fly out, F2 (Popup, 3SF, EV 85.6 MPH)
|
Batting: LHB Leo Gomez
|
0-0: Foul Ball, location: 2F 0-1: Fielders Choice at 2nd, 4-6 (Groundball, 4M, EV 89.4 MPH) Paul Sandoval to third
|
Batting: LHB Jamie Spangenberg
|
0-0: Fly out, F8 (Flyball, 8LM, EV 84.4 MPH)
|
Top of the 1st over - 0 runs, 0 hits, 1 error, 2 left on base; Daytona 0 - Fort Myers 0 |
BOTTOM OF THE 1ST |
Fort Myers Miracle batting - Pitching for Daytona Tortugas : LHP Edwin Pacheco
|
Pitching: LHP Edwin Pacheco
|
|
Batting: SHB Manny Molina
|
0-0: Swinging Strike 0-1: Called Strike 0-2: Strikes out swinging
|
Batting: RHB Tony Crespo
|
0-0: Fly out, F8 (Flyball, 8LD, EV 106.9 MPH)
|
Batting: LHB Tomas Espino
|
0-0: Foul Ball, location: 2F 0-1: Foul Ball, location: 2F 0-2: Ball 1-2: Ball 2-2: Ball 3-2: Foul Ball, location: 2F 3-2: Strikes out swinging
|
Bottom of the 1st over - 0 runs, 0 hits, 0 errors, 0 left on base; Daytona 0 - Fort Myers 0 |
TOP OF THE 2ND |
Daytona Tortugas batting - Pitching for Fort Myers Miracle : RHP Tony Icamen
|
Batting: RHB Jonathan Robies
|
0-0: Called Strike 0-1: Ball 1-1: Ball 2-1: Bunt missed! 2-2: Ball 3-2: Ground out 6-3 (Groundball, 4MS, EV 87.5 MPH)
|
Batting: RHB Danny Real
|
0-0: Ball 1-0: Ball 2-0: Swinging Strike 2-1: Ball 3-1: SINGLE (Groundball, 56, EV 109.4 MPH) (infield hit)
|
Batting: RHB Alex de Leon
|
0-0: Ball 1-0: Ball 2-0: Ball 3-0: Swinging Strike 3-1: Called Strike 3-2: Foul Ball, location: 2F 3-2: Base on Balls Danny Real to second
|
Batting: RHB John Hopkins
|
0-0: Ball 1-0: Swinging Strike 1-1: Ball 2-1: Ball 3-1: Foul Ball, location: 2F 3-2: Base on Balls Danny Real to third Alex de Leon to second
|
Batting: SHB Paul Sandoval
|
0-0: Ball 1-0: Called Strike 1-1: Ball 2-1: Swinging Strike 2-2: Ball 3-2: Base on Balls Danny Real scores Alex de Leon to third John Hopkins to second
|
Batting: SHB Jaivata Mohanty
|
0-0: Ball 1-0: Ball 2-0: Ball 3-0: Foul Ball, location: 2F 3-1: Base on Balls Alex de Leon scores John Hopkins to third Paul Sandoval to second
|
Batting: RHB Tony Casas
|
0-0: Swinging Strike 0-1: Ball 1-1: Ball 2-1: Ball Passed Ball! John Hopkins scores Paul Sandoval to third Jaivata Mohanty to second 3-1: Base on Balls
|
Batting: LHB Leo Gomez
|
0-0: Ball 1-0: Swinging Strike 1-1: Foul Ball, location: 2F 1-2: Ball 2-2: Ball 3-2: Base on Balls Paul Sandoval scores Jaivata Mohanty to third Tony Casas to second
|
Batting: LHB Jamie Spangenberg
|
0-0: Swinging Strike 0-1: Ball 1-1: Ball 2-1: Swinging Strike 2-2: Fielders Choice at 2nd, 6-4 (Groundball, 6S, EV 78.8 MPH) Jaivata Mohanty scores Tony Casas to third
|
Batting: RHB Jonathan Robies
|
0-0: Called Strike 0-1: Foul Ball, location: 2F 0-2: Strikes out swinging
|
Top of the 2nd over - 5 runs, 1 hit, 0 errors, 2 left on base; Daytona 5 - Fort Myers 0 |
BOTTOM OF THE 2ND |
Fort Myers Miracle batting - Pitching for Daytona Tortugas : LHP Edwin Pacheco
|
Batting: LHB Marshall Daul
|
0-0: Ball 1-0: Foul Ball, location: 2F 1-1: Called Strike 1-2: Strikes out looking
|
Batting: RHB Ryan Gautney
|
0-0: Foul Ball, location: 2F 0-1: Foul Ball, location: 2F 0-2: Ball 1-2: Strikes out swinging
|
Batting: LHB Jon Ventura
|
0-0: Ball 1-0: Ball 2-0: Foul Ball, location: 2F 2-1: Swinging Strike 2-2: Foul Ball, location: 2F 2-2: Ground out 4-3 (Groundball, 34, EV 107.5 MPH)
|
Bottom of the 2nd over - 0 runs, 0 hits, 0 errors, 0 left on base; Daytona 5 - Fort Myers 0 |
TOP OF THE 3RD |
Daytona Tortugas batting - Pitching for Fort Myers Miracle : RHP Tony Icamen
|
Batting: RHB Danny Real
|
0-0: Called Strike 0-1: Swinging Strike 0-2: Foul Ball, location: 2F 0-2: Fly out, F8 (Flyball, 8LD, EV 104.4 MPH)
|
Batting: RHB Alex de Leon
|
0-0: Called Strike 0-1: Ball 1-1: Ground out 1-3 (Groundball, P, EV 63.1 MPH)
|
Batting: RHB John Hopkins
|
0-0: Called Strike 0-1: Swinging Strike 0-2: Strikes out swinging
|
Top of the 3rd over - 0 runs, 0 hits, 0 errors, 0 left on base; Daytona 5 - Fort Myers 0 |
BOTTOM OF THE 3RD |
Fort Myers Miracle batting - Pitching for Daytona Tortugas : LHP Edwin Pacheco
|
Batting: RHB Nestor Moreno
|
0-0: Called Strike 0-1: Hit by Pitch
|
Batting: LHB Ben Roth
|
0-0: Ball 1-0: Called Strike 1-1: Grounds into double play, 4-6-3 (Groundball, 4, EV 90.6 MPH)
|
Batting: RHB Settan Nakamura
|
0-0: Called Strike 0-1: Swinging Strike 0-2: Strikes out swinging, 2-3 out at first.
|
Bottom of the 3rd over - 0 runs, 0 hits, 0 errors, 0 left on base; Daytona 5 - Fort Myers 0 |
TOP OF THE 4TH |
Daytona Tortugas batting - Pitching for Fort Myers Miracle : RHP Tony Icamen
|
Batting: SHB Paul Sandoval
|
0-0: Called Strike 0-1: Ball 1-1: Foul Ball, location: 2F 1-2: Ground out 3-1 (Groundball, 34, EV 86.9 MPH)
|
Batting: SHB Jaivata Mohanty
|
0-0: Ball 1-0: Ball 2-0: Called Strike 2-1: Foul Ball, location: 2F 2-2: Strikes out swinging
|
Batting: RHB Tony Casas
|
0-0: Ball 1-0: Called Strike 1-1: Ball 2-1: Ball 3-1: Called Strike 3-2: Base on Balls
|
Pitching: RHP Chad Casey
|
|
Batting: LHB Leo Gomez
|
0-0: Called Strike 0-1: Foul Ball, location: 2F 0-2: Ball 1-2: Strikes out swinging
|
Top of the 4th over - 0 runs, 0 hits, 0 errors, 1 left on base; Daytona 5 - Fort Myers 0 |
BOTTOM OF THE 4TH |
Fort Myers Miracle batting - Pitching for Daytona Tortugas : LHP Edwin Pacheco
|
Batting: SHB Manny Molina
|
0-0: Ball 1-0: Ball 2-0: Foul Ball, location: 2F 2-1: Swinging Strike 2-2: Strikes out swinging
|
Batting: RHB Tony Crespo
|
0-0: SINGLE (Groundball, 56D, EV 105.0 MPH)
|
Batting: LHB Tomas Espino
|
0-0: Foul Ball, location: 2F 0-1: Foul Ball, location: 2F 0-2: Ball Tony Crespo is caught stealing 2nd base 2-6 1-2: SOLO HOME RUN (Flyball, 7D, EV 92.5 MPH), Distance : 361 ft
|
Batting: LHB Marshall Daul
|
0-0: Ball 1-0: Ball 2-0: Ball 3-0: Base on Balls
|
Batting: RHB Ryan Gautney
|
0-0: Called Strike 0-1: Called Strike 0-2: Ball Marshall Daul steals 2nd base 1-2: Ball 2-2: DOUBLE (Line Drive, 5D, EV 105.6 MPH) Marshall Daul scores
|
Batting: LHB Jon Ventura
|
0-0: Swinging Strike 0-1: Ball 1-1: Fly out, F7 (Flyball, 7D, EV 103.1 MPH)
|
Bottom of the 4th over - 2 runs, 3 hits, 0 errors, 1 left on base; Daytona 5 - Fort Myers 2 |
TOP OF THE 5TH |
Daytona Tortugas batting - Pitching for Fort Myers Miracle : RHP Chad Casey
|
Batting: LHB Jamie Spangenberg
|
0-0: Ball 1-0: Swinging Strike 1-1: Ball 2-1: Swinging Strike 2-2: Ground out 4-3 (Groundball, 4, EV 84.4 MPH)
|
Batting: RHB Jonathan Robies
|
0-0: Called Strike 0-1: Ground out 2-3 (Groundball, 2R, EV 63.1 MPH)
|
Batting: RHB Danny Real
|
0-0: Fly out, F9 (Line Drive, 9S, EV 89.4 MPH)
|
Top of the 5th over - 0 runs, 0 hits, 0 errors, 0 left on base; Daytona 5 - Fort Myers 2 |
BOTTOM OF THE 5TH |
Fort Myers Miracle batting - Pitching for Daytona Tortugas : LHP Edwin Pacheco
|
Batting: RHB Nestor Moreno
|
0-0: SINGLE (Flyball, 4D, EV 87.5 MPH)
|
Batting: LHB Ben Roth
|
0-0: Ball Nestor Moreno steals 2nd base 1-0: Reaches on Catchers interference
|
Batting: RHB Settan Nakamura
|
0-0: Foul Ball, location: 2F 0-1: Called Strike 0-2: Fielders Choice at 2nd, 6-4 (Groundball, 6, EV 92.5 MPH) Nestor Moreno to third
|
Batting: SHB Manny Molina
|
0-0: Ball 1-0: Called Strike 1-1: Grounds into double play, 6-4-3 (Groundball, 6, EV 89.4 MPH)
|
Bottom of the 5th over - 0 runs, 1 hit, 1 error, 1 left on base; Daytona 5 - Fort Myers 2 |
TOP OF THE 6TH |
Daytona Tortugas batting - Pitching for Fort Myers Miracle : RHP Chad Casey
|
Batting: LHB Chris Redhead
|
0-0: Called Strike 0-1: Foul Ball, location: 2F 0-2: Ball 1-2: Strikes out swinging
|
Pinch Hitting: SHB Freddie Farrar
|
0-0: Ball 1-0: Ground out 4-3 (Groundball, 4S, EV 61.2 MPH)
|
Batting: SHB Paul Sandoval
|
0-0: Foul Ball, location: 2F 0-1: Ball 1-1: Ball 2-1: Swinging Strike 2-2: Strikes out swinging
|
Top of the 6th over - 0 runs, 0 hits, 0 errors, 0 left on base; Daytona 5 - Fort Myers 2 |
BOTTOM OF THE 6TH |
Fort Myers Miracle batting - Pitching for Daytona Tortugas : LHP Edwin Pacheco
|
Now at 2B: Freddie Farrar
|
|
Now at SS: Jonathan Robies
|
|
Batting: RHB Tony Crespo
|
0-0: Swinging Strike 0-1: Foul Ball, location: 2F 0-2: Strikes out swinging
|
Batting: LHB Tomas Espino
|
0-0: Called Strike 0-1: Ball 1-1: DOUBLE (Line Drive, 7LM, EV 93.1 MPH)
|
Batting: LHB Marshall Daul
|
0-0: Called Strike 0-1: Fly out, F9 (Flyball, 9, EV 85.0 MPH)
|
Batting: RHB Ryan Gautney
|
0-0: Swinging Strike 0-1: Ball 1-1: Foul Ball, location: 2F 1-2: Ball 2-2: Strikes out looking
|
Bottom of the 6th over - 0 runs, 1 hit, 0 errors, 1 left on base; Daytona 5 - Fort Myers 2 |
TOP OF THE 7TH |
Daytona Tortugas batting - Pitching for Fort Myers Miracle : RHP Chad Casey
|
Batting: SHB Jaivata Mohanty
|
0-0: Ball 1-0: Foul Ball, location: 2F 1-1: Ball 2-1: SINGLE (Groundball, 34D, EV 101.2 MPH)
|
Batting: RHB Tony Casas
|
0-0: Foul Ball, location: 2F 0-1: Foul Ball, location: 2F 0-2: Ball 1-2: Strikes out swinging
|
Batting: LHB Leo Gomez
|
0-0: Foul Ball, location: 2F 0-1: Swinging Strike 0-2: Strikes out swinging
|
Batting: LHB Jamie Spangenberg
|
0-0: Called Strike 0-1: Foul Ball, location: 2F 0-2: DOUBLE (Line Drive, 9LS, EV 95.6 MPH) Jaivata Mohanty to third Runner from 3rd tries for Home, SAFE, throw by RF to trailing runner, SAFE at third!
|
Batting: RHB Jonathan Robies
|
0-0: Ball 1-0: SINGLE (Groundball, 3D, EV 109.4 MPH) Jamie Spangenberg scores
|
Batting: RHB Danny Real
|
0-0: Called Strike 0-1: Called Strike 0-2: Strikes out swinging
|
Top of the 7th over - 2 runs, 3 hits, 0 errors, 1 left on base; Daytona 7 - Fort Myers 2 |
BOTTOM OF THE 7TH |
Fort Myers Miracle batting - Pitching for Daytona Tortugas : LHP Edwin Pacheco
|
Batting: LHB Jon Ventura
|
0-0: Ball 1-0: Fly out, F7 (Flyball, 8LM, EV 76.9 MPH)
|
Batting: RHB Nestor Moreno
|
0-0: Ball 1-0: Swinging Strike 1-1: Swinging Strike 1-2: Foul Ball, location: 2F 1-2: Strikes out swinging
|
Batting: LHB Ben Roth
|
0-0: Ball 1-0: Ball 2-0: Swinging Strike 2-1: SINGLE (Groundball, 4MD, EV 105.6 MPH)
|
Pitching: LHP Suk-jin Sok
|
|
Batting: RHB Settan Nakamura
|
0-0: Ball 1-0: Called Strike Ben Roth is caught stealing 2nd base 2-4
|
Bottom of the 7th over - 0 runs, 1 hit, 0 errors, 0 left on base; Daytona 7 - Fort Myers 2 |
TOP OF THE 8TH |
Daytona Tortugas batting - Pitching for Fort Myers Miracle : RHP Chad Casey
|
Batting: LHB Chris Redhead
|
0-0: Ball 1-0: Ball 2-0: Called Strike 2-1: Called Strike 2-2: SINGLE (Groundball, 6M, EV 87.5 MPH) (infield hit)
|
Batting: SHB Freddie Farrar
|
0-0: Swinging Strike 0-1: Fielders Choice at 2nd, 3-6 (Groundball, 3S, EV 85.6 MPH)
|
Batting: SHB Paul Sandoval
|
0-0: Ball 1-0: Ball 2-0: Foul Ball, location: 2F 2-1: Ball 3-1: Base on Balls Freddie Farrar to second
|
Pitching: RHP Tim Weller
|
|
Batting: SHB Jaivata Mohanty
|
0-0: Called Strike 0-1: Swinging Strike 0-2: Ground out 6-3 (Groundball, 6S, EV 62.5 MPH) Freddie Farrar to third Paul Sandoval to second
|
Batting: RHB Tony Casas
|
0-0: Called Strike 0-1: Foul Ball, location: 2F 0-2: Strikes out looking
|
Top of the 8th over - 0 runs, 1 hit, 0 errors, 2 left on base; Daytona 7 - Fort Myers 2 |
BOTTOM OF THE 8TH |
Fort Myers Miracle batting - Pitching for Daytona Tortugas : LHP Suk-jin Sok
|
Batting: RHB Settan Nakamura
|
0-0: Ball 1-0: Swinging Strike 1-1: Foul Ball, location: 2F 1-2: Strikes out swinging
|
Batting: SHB Manny Molina
|
0-0: Ball 1-0: Foul Ball, location: 2F 1-1: Swinging Strike 1-2: Strikes out swinging
|
Batting: RHB Tony Crespo
|
0-0: Ball 1-0: Called Strike 1-1: Ball 2-1: Ball 3-1: Base on Balls
|
Batting: LHB Tomas Espino
|
0-0: Ball 1-0: SINGLE (Groundball, 34D, EV 106.9 MPH) Tony Crespo to second Runner from 2nd tries for 3rd, SAFE, throw by RF made to third
|
Batting: LHB Marshall Daul
|
0-0: Swinging Strike 0-1: Called Strike 0-2: Ball 1-2: Strikes out looking
|
Bottom of the 8th over - 0 runs, 1 hit, 0 errors, 2 left on base; Daytona 7 - Fort Myers 2 |
TOP OF THE 9TH |
Daytona Tortugas batting - Pitching for Fort Myers Miracle : RHP Tim Weller
|
Batting: LHB Leo Gomez
|
0-0: Ball 1-0: Called Strike 1-1: Swinging Strike 1-2: Ball 2-2: Strikes out looking
|
Batting: LHB Jamie Spangenberg
|
0-0: Foul Ball, location: 2F 0-1: SINGLE (Line Drive, 78S, EV 96.2 MPH)
|
Batting: RHB Jonathan Robies
|
0-0: Foul Ball, location: 2F 0-1: Called Strike 0-2: Grounds into double play, 1-4-3 (Groundball, 25, EV 68.1 MPH)
|
Top of the 9th over - 0 runs, 1 hit, 0 errors, 0 left on base; Daytona 7 - Fort Myers 2 |
BOTTOM OF THE 9TH |
Fort Myers Miracle batting - Pitching for Daytona Tortugas : LHP Suk-jin Sok
|
Batting: RHB Ryan Gautney
|
0-0: Foul Ball, location: 2F 0-1: Ball 1-1: Called Strike 1-2: Foul Ball, location: 2F 1-2: Ball 2-2: Strikes out swinging
|
Batting: LHB Jon Ventura
|
0-0: Ball 1-0: Called Strike 1-1: Ball 2-1: Ball 3-1: Foul Ball, location: 2F 3-2: Strikes out swinging
|
Batting: RHB Nestor Moreno
|
0-0: Ball 1-0: Called Strike 1-1: Foul Ball, location: 2F 1-2: Foul Ball, location: 2F 1-2: Ground out 1-3 (Groundball, 13, EV 63.1 MPH)
|
Bottom of the 9th over - 0 runs, 0 hits, 0 errors, 0 left on base; Daytona 7 - Fort Myers 2 |
|